 Dungeon Crawl Stone Soup version 0.31.0-11-ge490571c62 (webtiles) character file.

Game seed: 7950464302046547229

109 hawla the Ducker (level 4, -2/24 HPs)
             Began as a Deep Elf Fire Elementalist on Jan 28, 2024.
             Slain by a gnoll
             ... wielding a +0 spear
              (5 damage)
             ... on level 3 of the Dungeon.
             The game lasted 00:04:37 (1998 turns).

hawla the Ducker (Deep Elf Fire Elementalist)       Turns: 1998, Time: 00:04:37

Health: -2/24      AC:  3    Str:  5    XL:     4   Next: 59%
Magic:  0/10       EV: 14    Int: 22    God:
Gold:   91         SH:  0    Dex: 15    Spells: 2/9 levels left

rFire   . . .        g - staff of death
rCold   . . .        (no shield)
rNeg    + . .        a - +1 robe
rPois   .            (no helmet)
rElec   .            (no cloak)
rCorr   .            (no gloves)
SInv    .            (no boots)
Will    .....        (no amulet)
Stlth   ++           (no ring)
HPRegen 0.24/turn    (no ring)
MPRegen 0.12/turn

%: no passive effects
@: very slightly contaminated
A: no striking features
a: no special abilities


You were on level 3 of the Dungeon.
You visited 1 branch of the dungeon, and saw 3 of its levels.

You collected 91 gold pieces.

Inventory:

Armour
 a - a +1 robe (worn)
Magical Staves
 c - a staff of earth
 g - a staff of death (weapon)
Potions
 b - a potion of might
 d - a potion of enlightenment {unknown}
 e - a potion of brilliance {unknown}
 f - 3 potions of curing {unknown}
 h - a potion of resistance {unknown}
 i - a potion of lignification {unknown}


   Skills:
 - Level 5.0 Dodging
 - Level 3.0 Stealth
 - Level 3.0 Spellcasting
 + Level 2.5 Conjurations
 - Level 3.2 Fire Magic


You had 2 spell levels left.
You knew the following spells:

 Your Spells              Type           Power      Damage    Failure   Level
a - Foxfire               Conj/Fire      64%        2x1d7     3%          1
b - Scorch                Fire           34%        2d6       4%          2
c - Flame Wave            Conj/Fire      16%        2d7       36%         4

Your spell library contained the following spells:

 Spells                   Type           Power      Damage    Failure   Level
 Inner Flame              Hex/Fire       10%        N/A       19%         3
 Volatile Blastmotes      Fire/Tloc      20%        2d11      19%         3
 Starburst                Conj/Fire      8%         6d4       99%         6
 Plasma Beam              Fire/Air       5%         2x1d15    100%        6


Dungeon Overview and Level Annotations

Branches:
Dungeon (3/15)

Altars:


Message History

You conjure some foxfire!
The gnoll hits you from afar with a +0 spear.
The hobgoblin hits you with a +0 club.
Casting: Foxfire (safe; 3% risk of failure)
Confirm with . or Enter, or press ? or * to list all spells.
You miscast Foxfire.
Nothing appears to happen.
The foxfire hits the hobgoblin but does no damage.
The hobgoblin is almost dead.
The foxfire hits the hobgoblin.
You kill the hobgoblin!
The gnoll barely misses you.
Casting: Foxfire (safe; 3% risk of failure)
Confirm with . or Enter, or press ? or * to list all spells.
Flames lash the hobgoblin.
You kill the hobgoblin!
A hobgoblin comes into view. It is wielding a +0 club.
The goblin barely misses you.
The gnoll hits you from afar with a +0 spear.
* * * LOW HITPOINT WARNING * * *
Casting: Scorch (safe; 4% risk of failure)
Confirm with . or Enter, or press ? or * to list all spells.
You conjure some foxfire!
The goblin barely misses you.
The foxfire hits the goblin.
The goblin is heavily wounded.
Casting: Foxfire (safe; 3% risk of failure)
Confirm with . or Enter, or press ? or * to list all spells.
You conjure some foxfire!
The foxfire hits the goblin!
You kill the goblin!
Casting: Foxfire (safe; 3% risk of failure)
Confirm with . or Enter, or press ? or * to list all spells.
You conjure some foxfire!
The foxfire hits the gnoll but does no damage.
The foxfire hits the hobgoblin.
The hobgoblin is heavily wounded.
The goblin hits you with a +0 club.
* * * LOW HITPOINT WARNING * * *
The hobgoblin hits you with a +0 club.
* * * LOW HITPOINT WARNING * * *
The gnoll hits you from afar with a +0 spear.
You die...

###################
#...)..........#)..
#...)..........))).
#+##).............####
#......########.......
#....v.# #.......
#..gg@.########.......
#)##g.v...........#### #.g
#...........[..))). #.)
#..............#).. ≈≈≈≈≈≈#..
###################
≈≈≈≈≈≈#####≈≈≈≈≈≈≈≈≈≈≈≈≈≈≈≈≈≈
≈≈≈≈≈≈≈≈≈≈≈≈≈≈≈≈≈≈≈≈≈≈≈≈≈≈≈≈~
≈~~~~~~≈~~~~~~~~~≈~~~≈~~~~~~~
.~..~~.~.....~[~~~~~~~~~~.~..


You could see a gnoll, a hobgoblin (ally target) and a goblin (ally target).

Vanquished Creatures
  2 adders (D:2)
  5 dart slugs
  An orc (D:3)
  3 endoplasms (D:1)
  3 giant cockroaches
  23 goblins
  12 hobgoblins
  2 jackals (D:2)
  5 ball pythons
  A bat (D:2)
  3 frilled lizards
  5 kobolds (D:1)
  3 rats
68 creatures vanquished.

Vanquished Creatures (others)
  157 foxfires
157 creatures vanquished.

Grand Total: 225 creatures vanquished

Notes
Turn   | Place    | Note
-------+----------+-------------------------------------------
     0 | D:1      | hawla the Deep Elf Fire Elementalist began the quest for
                  | the Orb.
     0 | D:1      | Reached XP level 1. HP: 10/10 MP: 6/6
    33 | D:1      | Reached skill level 3 in Dodging
    76 | D:1      | Reached XP level 2. HP: 15/15 MP: 5/8
   328 | D:1      | Reached skill level 4 in Dodging
   445 | D:1      | Reached XP level 3. HP: 19/19 MP: 6/9
   703 | D:2      | Learned a level 2 spell: Scorch
  1140 | D:2      | Reached skill level 5 in Dodging
  1380 | D:2      | Reached XP level 4. HP: 24/24 MP: 6/10
  1385 | D:2      | Learned a level 4 spell: Flame Wave
  1998 | D:3      | Slain by a gnoll

Illustrated notes

Levels and vault maps discovered:
D:1:      dpeg_arrival_pond, layout_rooms
D:2:      layout_basic
D:3:      minmay_goblin_kobold_castle, layout_basic

Skill      XL: |  1  2  3  4 |
---------------+-------------+-----
Dodging        | 3 4 5 |  5.0
Stealth        | 3 |  3.0
Conjurations   | 2 |  2.5
Spellcasting   | |  3.0
Fire Magic     | |  3.2

Action                     |  1- 3 |  4- 6 || total
---------------------------+-------+-------++-------
  Melee: Unarmed           |    20 |       ||    20
         Staff             |     2 |     1 ||     3
   Cast: Foxfire           |    61 |    29 ||    90
         Scorch            |       |     6 ||     6
    Use: Potion            |     1 |       ||     1
         Scroll            |     4 |     3 ||     7
 Armour: Robe              |    16 |    11 ||    27
  Dodge: Dodged            |    40 |     8 ||    48
